 Dungeon Crawl Stone Soup version 0.30-a0-269-gf0224bf7b6 (webtiles) character file.

Game seed: 3580954991147708224

853 Iusername the Trooper (level 7, 0/64 HPs)
             Began as a Minotaur Fighter on Oct 14, 2022.
             Slain by a water moccasin (6 damage)
             ... on level 5 of the Dungeon.
             The game lasted 00:04:06 (3185 turns).

Iusername the Trooper (Minotaur Fighter)            Turns: 3185, Time: 00:04:06

Health: 0/64       AC:  7    Str: 23    XL:     7   Next: 70%
Magic:  6/6        EV:  9    Int:  5    God:
Gold:   228        SH:  5    Dex:  9    Spells: 6/6 levels left

rFire   . . .      SeeInvis .    a - +0 war axe
rCold   . . .      Faith    .    c - +0 buckler
rNeg    . . .      Spirit   .    b - +0 scale mail
rPois   .          Reflect  .    (helmet restricted)
rElec   .          Harm     .    (no cloak)
rCorr   .          Rampage  .    (no gloves)
Will    .....                    (no boots)
Stlth   ..........               (no amulet)
HPRegen 0.30/turn                (no ring)
MPRegen 0.10/turn                (no ring)

@: mighty, brilliant, lethally poisoned (0 -> -4), attractive
A: horns 2, retaliatory headbutt
a: no special abilities


You were on level 5 of the Dungeon.
You visited 1 branch of the dungeon, and saw 5 of its levels.

You collected 228 gold pieces.

Inventory:

Hand Weapons
 a - a +0 war axe (weapon)
Armour
 b - a +0 scale mail (worn)
 c - a +0 buckler (worn)
Jewellery
 m - a ring of protection from cold
 n - a +4 ring of protection
 s - a ring of see invisible
 t - a ring of resist corrosion
 w - an amulet of reflection
 x - a ring of fire
Wands
 o - a wand of charming (22)
Scrolls
 f - 3 scrolls of vulnerability {unknown}
 h - a scroll of immolation {unknown}
 j - a scroll of blinking {unknown}
 l - 6 scrolls of identify {unknown}
 q - 2 scrolls of amnesia {unknown}
 r - 2 scrolls of poison {unknown}
 u - a scroll of torment {unknown}
 v - a scroll of acquirement {unknown}
 y - a scroll of enchant armour {unknown}
 A - a scroll of teleportation {unknown}
 B - a scroll of brand weapon {unknown}
Potions
 d - a potion of flight {unknown}
 e - 2 potions of brilliance
 g - a potion of attraction
 i - a potion of degeneration {unknown}
 k - a potion of heal wounds {unknown}
 p - 2 potions of curing {unknown}


   Skills:
 + Level 6.4 Fighting
 + Level 5.6 Axes
 + Level 6.3 Armour
 + Level 6.3 Shields


You had 6 spell levels left.
You didn't know any spells.
Your spell library contained the following spells:

 Spells                   Type           Power      Damage    Failure   Level
 Magic Dart               Conj           0%         1d3       85%         1
 Searing Ray              Conj           0%         2d4       94%         2
 Fulminant Prism          Conj/Hex       0%         3d6       100%        4


Dungeon Overview and Level Annotations

Branches:
Dungeon (5/15)             Temple (0/1) D:5

Altars:
Kikubaaqudgha
Nemelex Xobeh
Vehumet

Shops:
D:3 =   D:4 (


Innate Abilities, Weirdness & Mutations

You have a pair of horns on your head.
You reflexively headbutt those who attack you in melee.


Message History

The orc wizard casts a spell.
The orc wizard flickers and vanishes!
Deactivating autopickup; reactivate with Ctrl-A.
The orc hits you but does no damage.
You completely miss the water moccasin.
The water moccasin is moderately wounded.
You barely miss something. You closely miss the orc.
The water moccasin bites you. The orc closely misses you.
Something hits you but does no damage. The water moccasin bites you.
You are poisoned.
The water moccasin poisons you!
You are too injured to fight recklessly!
Unknown command.
You are too injured to fight recklessly!
It was a potion of brilliance.
You feel clever all of a sudden.
You feel very sick. You block the orc's attack.
The water moccasin closely misses you. You furiously retaliate!
You headbutt the water moccasin. Something hits you.
You feel very mighty all of a sudden.
You feel very sick. The water moccasin bites you.
* * * LOW HITPOINT WARNING * * *
The orc hits you with a +0 dagger.
* * * LOW HITPOINT WARNING * * *
Something completely misses you.
It was a potion of attraction.
You feel attractive to monsters.
You feel sick. The water moccasin bites you.
* * * LOW HITPOINT WARNING * * *
The orc hits you but does no damage.
You hear some strange, mumbled words.
Something tries to affect you, but you resist.
You block the water moccasin's attack.
You closely miss something. Your headbutt misses something.
You barely miss the water moccasin. You slash the orc!
You kill the orc!
* * * LOW HITPOINT WARNING * * *
You feel sick. The water moccasin bites you.
You die...

..........##.......###...###..
............##.....# #.⌠.# ..
...................###...##
......#.........##........#
#...............##.#......#
#...................#....##
.........##..####.#
....#....#...# .# ..
##{@)...## # #)S)...#
.....##.... ##.....#..#.
.##......# .. ......## ##.
#.....# . ......#


You could see a water moccasin.

Vanquished Creatures
  Grinder (D:4)
  Edmund (D:4)
  Pargi (D:4)
  A black bear (D:5)
  An ogre (D:3)
  A jelly (D:5)
  2 hounds
  3 iguanas
  A gnoll (D:2)
  3 adders
  An ufetubus (D:4)
  A worm (D:2)
  3 dart slugs
  7 orcs
  6 endoplasms
  3 giant cockroaches
  6 hobgoblins
  2 quokkas
  9 ball pythons
  7 bats
  4 frilled lizards
  8 goblins
  6 kobolds
  9 rats
87 creatures vanquished.

Vanquished Creatures (others)
  A human (D:4)
1 creature vanquished.

Grand Total: 88 creatures vanquished

Notes
Turn   | Place    | Note
-------+----------+-------------------------------------------
     0 | D:1      | Iusername the Minotaur Fighter began the quest for the Orb.
     0 | D:1      | Reached XP level 1. HP: 19/19 MP: 0/0
   181 | D:1      | Reached XP level 2. HP: 27/27 MP: 1/1
   553 | D:1      | Reached XP level 3. HP: 30/33 MP: 2/2
  1469 | D:2      | Reached XP level 4. HP: 37/41 MP: 3/3
  1820 | D:3      | Found Teyrghab's Jewellery Emporium.
  1874 | D:3      | Found a faded altar of an unknown god.
  2129 | D:3      | Noticed an ogre
  2131 | D:3      | Killed an ogre
  2132 | D:3      | Reached XP level 5. HP: 47/47 MP: 4/4
  2256 | D:4      | Found a sparkling altar of Nemelex Xobeh.
  2282 | D:4      | Reached skill level 5 in Fighting
  2393 | D:4      | Reached skill level 5 in Shields
  2395 | D:4      | Found Pyicoh's Weapon Emporium.
  2402 | D:4      | Noticed Grinder
  2405 | D:4      | Reached skill level 5 in Armour
  2408 | D:4      | Killed Grinder
  2409 | D:4      | Reached XP level 6. HP: 47/56 MP: 5/5
  2461 | D:4      | Found an ancient bone altar of Kikubaaqudgha.
  2464 | D:4      | Noticed a human
  2465 | D:4      | Killed a human
  2490 | D:4      | Found a radiant altar of Vehumet.
  2516 | D:4      | Noticed Pargi
  2531 | D:4      | Killed Pargi
  2532 | D:4      | Reached skill level 5 in Axes
  2532 | D:4      | Reached XP level 7. HP: 52/62 MP: 6/6
  2838 | D:4      | Noticed Edmund
  2846 | D:4      | Killed Edmund
  3089 | D:5      | Entered Level 5 of the Dungeon
  3145 | D:5      | Found a staircase to the Ecumenical Temple.
  3185 | D:5      | Slain by a water moccasin

Illustrated notes

Levels and vault maps discovered:
D:1:      minmay_arrival_three_doors, layout_loops_corners, minivault_4
D:2:      layout_loops_ring, st_stairs_11
D:3:      layout_loops_ring, serial_shops, shop_fountains,
          ebering_ecumenical_altar_box, corexii_item_surrounded_by_moat,
          minmay_between
D:4:      layout_loops_ring, tgw_kikubaaqudgha,
          mainiacjoe_overflow_concentric_impassable,
          mainiacjoe_overflow_24_doors, serial_shops,
          nicolae_shop_bloodbath_and_beyond, uniq_pargi, uniq_grinder,
          uniq_edmund
D:5:      layout_cave_pools, minmay_temple_entry_junction,
          kennysheep_generic_room_2, uniq_ijyb

Skill      XL: |  1  2  3  4  5  6  7 |
---------------+----------------------+-----
Armour         | 4 5 6 |  6.3
Shields        | 4 5 6 |  6.3
Fighting       | 4 5 6 |  6.4
Axes           | 3 4 5 |  5.6

Action                   |  1- 3 |  4- 6 |  7- 9 || total
-------------------------+-------+-------+-------++-------
Melee: War axe           |    94 |    45 |    43 ||   182
       Headbutt          |    13 |     7 |     8 ||    28
  Use: Potion            |       |     1 |     3 ||     4
Armor: Scale mail        |    33 |    25 |    29 ||    87
Dodge: Dodged            |    49 |    36 |    28 ||   113
Block: Buckler           |    20 |     9 |    14 ||    43

Table legend: (Time is in decaauts)
 A = Elapsed time spent in this place.
 B = Non-inter-level travel time spent in this place.
 C = Inter-level travel time spent in this place.
 D = Time resting spent in this place.
 E = Time spent auto-exploring this place.
 F = Levels seen in this place.
 G = Mean time per level.
                   A        B        C        D        E       F      G
               +--------+--------+--------+--------+--------+-----+--------+
         Total |   3250 |   3149 |    101 |    231 |   2386 |   5 |  650.0 |
       Dungeon |   3250 |   3149 |    101 |    231 |   2386 |   5 |  650.0 |
               +--------+--------+--------+--------+--------+-----+--------+

Top non-repeatable levels by time:
     D:1: 914 daAuts
     D:4: 892 daAuts
     D:2: 774 daAuts
     D:3: 569 daAuts
     D:5: 100 daAuts
